 Dungeon Crawl Stone Soup version 0.28.0-43-g3370ac3207 (webtiles) character file.

Game seed: 4584460135943215193

2164 Araneus the Grappler (level 9, -2/66 HPs)
             Began as a Demonspawn Monk on Mar 12, 2022.
             Slain by a two-headed ogre
             ... wielding a +0 giant club
              (15 damage)
             ... on level 6 of the Dungeon.
             The game lasted 00:10:27 (6312 turns).

Araneus the Grappler (Demonspawn Monk)              Turns: 6312, Time: 00:10:28

Health: -2/66      AC: 13    Str: 16    XL:     9   Next: 10%
Magic:  9/9        EV:  6    Int: 12    God:
Gold:   199        SH:  0    Dex: 15    Spells: 8/8 levels left

rFire   . . .      SeeInvis .     - Unarmed
rCold   . . .      Faith    .   (no shield)
rNeg    . . .      Spirit   .   i - +0 plate armour
rPois   .          Reflect  .   (helmet restricted)
rElec   .          Harm     .   j - +0 cloak
rCorr   .          Rampage  .   (no gloves)
Will    .....                   (no boots)
Stlth   ..........              (no amulet)
HPRegen 0.21/turn               (no ring)
MPRegen 0.11/turn               (no ring)

@: no status effects
A: antennae 1, demonic guardian 3, demonic touch 1
a: no special abilities


You were on level 6 of the Dungeon.
You visited 1 branch of the dungeon, and saw 6 of its levels.

You collected 313 gold pieces.
You spent 114 gold pieces at shops.

Inventory:

Armour
 i - a +0 plate armour (worn)
 j - a +0 cloak (worn)
Wands
 k - a wand of iceblast (5)
 r - a wand of digging (5)
Scrolls
 c - 3 scrolls of fear {unknown}
 e - a scroll of silence {unknown}
 f - 2 scrolls of vulnerability {unknown}
 h - 4 scrolls of identify
 m - 5 scrolls of enchant armour
 p - 4 scrolls of teleportation {unknown}
 q - a scroll of noise {unknown}
Potions
 b - 5 potions of haste
 d - a potion of mutation
 g - 2 potions of might {unknown}
 l - a potion of curing
 n - 2 potions of magic
 o - a potion of heal wounds {unknown}
 s - a potion of attraction {unknown}
 t - a potion of berserk rage {unknown}
 u - a potion of lignification {unknown}


   Skills:
 + Level 4.4 Fighting
 + Level 6.0 Armour
 - Level 2.6 Dodging
 - Level 1.7 Stealth
 + Level 9.1 Unarmed Combat


You had 8 spell levels left.
You didn't know any spells.
Your spell library contained the following spells:

 Spells                   Type           Power      Damage    Failure   Level
 Animate Skeleton         Necr           0%         N/A       100%        1
 Apportation              Tloc           0%         N/A       100%        1
 Magic Dart               Conj           0%         1d3       100%        1
 Slow                     Hex            0%         N/A       100%        1
 Summon Small Mammal      Summ           0%         N/A       100%        1
 Call Imp                 Summ           0%         N/A       100%        2
 Call Canine Familiar     Summ           0%         N/A       100%        3
 Confusing Touch          Hex            0%         N/A       100%        3
 Mephitic Cloud           Conj/Pois/Air  0%         N/A       100%        3
 Portal Projectile        Hex/Tloc       0%         N/A       100%        3
 Vampiric Draining        Necr           0%         2d6       100%        3
 Leda's Liquefaction      Hex/Erth       0%         N/A       100%        4


Dungeon Overview and Level Annotations

Branches:
Dungeon (6/15)
 Temple: D:4-7

Altars:
Ashenzari
Elyvilon
Kikubaaqudgha
Uskayaw
Xom
Yredelemnul

Shops:
D:5 *

Portals:
Ossuary: D:6


Innate Abilities, Weirdness & Mutations

You have a pair of small antennae on your head.
A powerful demonic guardian rushes to your aid.
Your touch may inflict minor irresistible damage on your foes.


Message History

You closely miss the hound.
You touch the hound.
The hound is heavily wounded.
The hound bites you but does no damage. x2
You barely miss the hound.
The hound is heavily wounded.
The hound bites you but does no damage.
You miss the hound. Your touch misses the hound.
The hound is heavily wounded.
The hound barely misses you.
You punch the hound!
You kill the hound!
No target in view!
You now have 183 gold pieces (gained 18).
You now have 199 gold pieces (gained 16).
Found a runed orb.
Found a sand-covered staircase.
A two-headed ogre comes into view. It is wielding two +0 giant clubs.
There is an empty arch of ancient stone here.
There is an empty arch of ancient stone here.
You hit the two-headed ogre.
You touch the two-headed ogre.
The two-headed ogre is lightly wounded.
You hit the two-headed ogre.
You touch the two-headed ogre.
The two-headed ogre is moderately wounded.
The two-headed ogre hits you with a +0 giant club!
The two-headed ogre hits you with a +0 giant club.
You barely miss the two-headed ogre.
The two-headed ogre is lightly wounded.
The two-headed ogre hits you with a +0 giant club! x2
* * * LOW HITPOINT WARNING * * *
A demonic guardian appears!
Your smoke demon hits the two-headed ogre.
Your smoke demon barely misses the two-headed ogre.
Your smoke demon hits the two-headed ogre.
Unknown command.
Your smoke demon hits the two-headed ogre but does no damage. x2
Your smoke demon hits the two-headed ogre.
Your smoke demon gestures at the two-headed ogre.
The two-headed ogre is smitten.
The two-headed ogre barely misses you.
The two-headed ogre hits you with a +0 giant club!
You die...

#**,,,,..#.####.#.##.##*+********
#*,,,,,...<............,,,,,* *
#*,,,*+######.....##.##,,,,,* *
#*,,,*,,* ###........,,,,,* *
#######** #...##.##*,**** *
#.....# #...##,#**,* ** ......#
#....#.#,,,* *, #.....# ***
#....#.#,*,* *, #.....# ##8**
#.@....#,*********, #####.# #..,*
#.O....#,*,,,,,,,,, *,#
#...###...#..#,*,********
*,**#[∩...∩.3.#..#,,,,,,,,,,,
*,,,#...###...#,.#,,,,,,*****
****#..,* #...#,,#,,,,,,* ##8**
#...#*>*,,,,,,* ***
#.....,,,,,,,,* #......,*,,,,,*


You could see a two-headed ogre (ally target) and a friendly smoke demon
(summoned).

Vanquished Creatures
  Pikel (D:4)
  A shadow (D:6)
  A centaur (D:6)
  A water moccasin zombie (D:5)
  A scorpion (D:5)
  A wight (D:4)
  2 howler monkeys
  4 hounds
  3 orc priests (D:5)
  3 jellies
  A bullfrog skeleton (D:5)
  An iguana (D:6)
  3 orc wizards (D:5)
  2 hound skeletons
  A gnoll (D:3)
  7 adders
  An ufetubus (D:4)
  An adder skeleton (D:3)
  A worm (D:2)
  A dart slug (D:1)
  9 orcs
  8 endoplasms
  3 giant cockroaches
  4 goblins
  2 hobgoblins
  3 kobolds
  4 quokkas
  10 ball pythons
  6 bats
  4 frilled lizards
  4 rats
94 creatures vanquished.

Vanquished Creatures (collateral kills)
  A troll (D:5)
  A necrophage (D:5)
  An ogre (D:5)
  A phantom (D:5)
  A scorpion (D:5)
  A gnoll shaman (D:4)
  A hound (D:5)
  Ijyb (D:3)
  An orc wizard (D:5)
  Terence (D:3)
  2 adders
  An adder zombie (D:5)
  An orc (D:5)
14 creatures vanquished.

Vanquished Creatures (others)
  An adder (D:5)
1 creature vanquished.

Grand Total: 109 creatures vanquished

Notes
Turn   | Place    | Note
-------+----------+-------------------------------------------
     0 | D:1      | Araneus the Demonspawn Monk began the quest for the Orb.
     0 | D:1      | Reached XP level 1. HP: 18/18 MP: 1/1
   157 | D:1      | Found a faded altar of an unknown god.
   221 | D:1      | Reached skill level 3 in Unarmed Combat
   477 | D:1      | Gained mutation: A weak demonic guardian rushes to your
                  | aid. [demonic ancestry]
   477 | D:1      | Reached XP level 2. HP: 22/24 MP: 2/2
  1351 | D:2      | Reached skill level 4 in Unarmed Combat
  1351 | D:2      | Reached XP level 3. HP: 18/29 MP: 3/3
  2427 | D:3      | Discovered your monstrous ancestry.
  2427 | D:3      | Gained mutation: Your touch may inflict minor irresistible
                  | damage on your foes. [demonic ancestry]
  2427 | D:3      | Reached XP level 4. HP: 14/35 MP: 4/4
  3045 | D:3      | Noticed Ijyb
  3064 | D:3      | Killed Ijyb
  3065 | D:3      | Reached skill level 5 in Unarmed Combat
  3065 | D:3      | Gained mutation: A demonic guardian rushes to your aid.
                  | [demonic ancestry]
  3065 | D:3      | Reached XP level 5. HP: 26/41 MP: 5/5
  3321 | D:3      | Noticed Terence
  3339 | D:3      | Killed Terence
  3340 | D:3      | Reached skill level 1 in Armour
  3697 | D:4      | Found a broken altar of Ashenzari.
  3697 | D:4      | Noticed a lemure
  3697 | D:4      | Noticed a lemure
  3697 | D:4      | Noticed Pikel
  3802 | D:4      | Noticed a lemure
  3805 | D:4      | Killed Pikel
  3806 | D:4      | Reached skill level 6 in Unarmed Combat
  3806 | D:4      | Gained mutation: You have a pair of small antennae on your
                  | head. [demonic ancestry]
  3806 | D:4      | Reached XP level 6. HP: 47/47 MP: 6/6
  3806 | D:4      | Gained mutation: A powerful demonic guardian rushes to your
                  | aid. [demonic ancestry]
  3806 | D:4      | Reached XP level 7. HP: 52/52 MP: 7/7
  3863 | D:4      | Found a basalt altar of Yredelemnul.
  4050 | D:4      | Reached skill level 7 in Unarmed Combat
  4593 | D:4      | Found a hide-covered altar of Uskayaw.
  4803 | D:5      | Entered Level 5 of the Dungeon
  4925 | D:5      | Found an ancient bone altar of Kikubaaqudgha.
  5152 | D:5      | Found Qicw's General Store.
  5168 | D:5      | Reached XP level 8. HP: 48/60 MP: 8/8
  5348 | D:5      | Bought a scroll of enchant armour for 90 gold pieces
  5348 | D:5      | Bought a scroll of identify for 24 gold pieces
  5510 | D:5      | Identified the +1 robe of Arepniul {rElec rPois Will+
                  | Int-3}
  5529 | D:5      | Reached skill level 8 in Unarmed Combat
  5585 | D:5      | Noticed a troll
  5598 | D:5      | Killed a troll
  5606 | D:5      | Reached skill level 5 in Armour
  5849 | D:5      | Found a shimmering altar of Xom.
  6129 | D:6      | Reached skill level 9 in Unarmed Combat
  6129 | D:6      | Reached XP level 9. HP: 55/65 MP: 9/9
  6298 | D:6      | Found a sand-covered staircase.
  6299 | D:6      | Noticed a two-headed ogre
  6312 | D:6      | Slain by a two-headed ogre

Illustrated notes

Levels and vault maps discovered:
D:1:      co_arrival_random_square_maze, layout_basic,
          shapermc_ecumenical_altar_totnotflames
D:2:      layout_basic
D:3:      kennysheep_six_static_rooms, layout_basic, amethyst_killhole,
          uniq_terence, uniq_ijyb
D:4:      layout_basic, kennysheep_ying_yang, ashenzari_altar_1,
          nicolae_uskayaw_suspiria, minmay_starry_boxes, uniq_pikel
D:5:      layout_basic, xom_confusion_cloud,
          mainiacjoe_overflow_surrounded_room, serial_shops,
          nicolae_shop_advertising_works [nicolae_subvault_shop_adworks],
          minmay_misc_feat_roman, dk_vineyard_3
D:6:      layout_basic, marbit_many_paths, chequers_ossuary_entry_cave,
          minmay_microvault

Skill      XL: |  1  2  3  4  5  6  7  8  9 |
---------------+----------------------------+-----
Unarmed Combat | 3 4 5 6 7 9 |  9.1
Armour         | 2 3 5 6 |  6.0
Fighting       | 4 |  4.4
Dodging        | |  2.6
Stealth        | |  1.7

Action                   |  1- 3 |  4- 6 |  7- 9 || total
-------------------------+-------+-------+-------++-------
Melee: Unarmed           |   129 |    45 |   186 ||   360
       Punch             |     2 |     4 |    12 ||    18
       Touch             |       |    10 |    34 ||    44
Evoke: Wand              |       |     3 |       ||     3
  Use: Scroll            |       |     3 |     1 ||     4
 Stab: Sleeping          |     2 |       |       ||     2
Armor: Robe              |    14 |       |       ||    14
       Plate armour      |    24 |    25 |   135 ||   184
Dodge: Dodged            |    61 |    10 |    34 ||   105
